 Dungeon Crawl Stone Soup version 0.26.1-11-gd32895ea62 (webtiles) character file.

Game seed: 12401706920423887927

62 vvl the Skirmisher (level 4, 0/49 HPs)
             Began as an Ogre Berserker on June 3, 2021.
             Was a Believer of Trog.
             Slain by an orc (2 damage)
             ... on level 4 of the Dungeon.
             The game lasted 00:04:09 (2161 turns).

vvl the Skirmisher (Ogre Berserker)                 Turns: 2161, Time: 00:04:10

Health: 0/49       AC:  3    Str: 22    XL:     4   Next: 8%
Magic:  4/4        EV: 10    Int:  8    God:    Trog [**....]
Gold:   131        SH:  0    Dex:  8    Spells: 3/3 levels left

rFire    . . .     SeeInvis .   a - +0 mace
rCold    . . .     Faith    .   (no shield)
rNeg     . . .     Spirit   .   b - +0 animal skin
rPois    .         Reflect  .   (helmet restricted)
rElec    .         Harm     +   l - scarf {harm}
rCorr    .         Rampage  .   (gloves unavailable)
Will     .....                  (boots unavailable)
Stlth    +.........             (no amulet)
HPRegen  0.16/turn              (no ring)
MPRegen  0.09/turn              (no ring)

@: no status effects
A: large, unfitting armour, tough skin 1
a: Renounce Religion, Berserk, Trog's Hand


You were on level 4 of the Dungeon.
You worshipped Trog.
Trog was pleased with you.
You visited 1 branch of the dungeon, and saw 4 of its levels.

You collected 131 gold pieces.

Inventory:

Hand Weapons
 a - a +0 mace (weapon)
Armour
 b - a +0 animal skin (worn)
 l - a scarf of harm (worn)
Wands
 m - a wand of paralysis (12)
Scrolls
 d - a scroll of enchant armour {unknown}
 e - a scroll of magic mapping {unknown}
 f - 2 scrolls of remove curse {unknown}
 g - a scroll of immolation {unknown}
 h - 10 scrolls of identify {unknown}
 i - a scroll of fear {unknown}
 j - a scroll of teleportation {unknown}
 n - a scroll of amnesia {unknown}
Potions
 c - a potion of attraction {unknown}
 k - a potion of cancellation {unknown}
 o - a potion of degeneration {unknown}
 p - a potion of invisibility {unknown}
 q - a potion of resistance {unknown}
 r - 2 potions of lignification {unknown}


   Skills:
 + Level 4.5 Fighting
 * Level 3.5 Maces & Flails
 + Level 1.1 Armour
 - Level 3.0 Dodging


You had 3 spell levels left.
You didn't know any spells.
Your spell library was empty.

Dungeon Overview and Level Annotations

Branches:
Dungeon (4/15)
 Temple: D:4-7

Altars:


Innate Abilities, Weirdness & Mutations

You are too large for most types of armour.
You have tough skin. (AC +1)


Message History

You feel sick.
You are no longer poisoned.
An adder comes into view.
A jackal comes into view.
A jackal comes into view.
The jackal barks! x2; You hear an angry hiss.
A leopard gecko comes into view.
Found a scroll labelled WILIUXK IFANU.
The leopard gecko hisses angrily.
The jackal completely misses you.
An orc comes into view.
The orc wizard closely misses you.
You see here a scroll labelled HAYVVI TOSUAGI.
You see here a flail.
The orc wizard casts a spell at you. The puff of flame hits you!
* * * LOW HITPOINT WARNING * * *
The orc hits you but does no damage. The orc hits you.
You die...

### #.. #### #.#
..... #.#####
.....#######......
##.....@.hh...####.#
.$.....o.o?o).......
##......o###..####.
.....###.# #.o####
....####Z###.....#
###......S..o....+
#...#######.....# +.
......# ##?.......


You could see an orc warrior, an orc wizard (fast), an adder, 2 orcs, 2 jackals
and a leopard gecko skeleton.

Vanquished Creatures
  2 adders
  An ooze (D:2)
  A leopard gecko (D:2)
  An orc (D:3)
  2 bats
  5 giant cockroaches (D:1)
  5 goblins (D:1)
  6 hobgoblins
  A quokka (D:2)
  4 frilled lizards
  5 kobolds
  3 rats
36 creatures vanquished.

Vanquished Creatures (others)
  2 plants (D:2)
2 creatures vanquished.

Grand Total: 38 creatures vanquished

Notes
Turn   | Place    | Note
-------+----------+-------------------------------------------
     0 | D:1      | vvl the Ogre Berserker began the quest for the Orb.
     0 | D:1      | Reached XP level 1. HP: 24/24 MP: 1/1
   146 | D:1      | Reached XP level 2. HP: 32/32 MP: 2/2
   926 | D:1      | Reached XP level 3. HP: 40/40 MP: 3/3
  1875 | D:2      | Reached ** piety under Trog
  1876 | D:2      | Reached skill level 1 in Armour
  2133 | D:3      | Reached XP level 4. HP: 40/49 MP: 4/4
  2146 | D:4      | Noticed an orc warrior
  2160 | D:4      | HP: 2/49 [orc wizard/puff of flame (8)]
  2161 | D:4      | Slain by an orc

Illustrated notes

Levels and vault maps discovered:
D:1:      dpeg_arrival_lava_altar, layout_basic
D:2:      layout_loops_cross, serial_forest, infiniplex_forest_straight_2,
          infiniplex_forest_split, infiniplex_forest_straight_2,
          infiniplex_forest_clump_curved, infiniplex_forest_clump_diagonal,
          infiniplex_forest_end_double, infiniplex_forest_lined_corner
D:3:      layout_basic, gammafunk_temple_overflow_statue, uniq_sigmund
D:4:      layout_basic, nicolae_overflow_hidden_temple, minmay_between,
          uniq_eustachio

Skill      XL: |  1  2  3 |
---------------+----------+-----
Maces & Flails | 3 |  3.5
Dodging        | 3 |  3.0
Armour         | 1 |  1.1
Fighting       | |  4.5

Action                   |  1- 3 |  4- 6 || total
-------------------------+-------+-------++-------
Melee: Mace              |   145 |     7 ||   152
 Stab: Sleeping          |     2 |       ||     2
Armor: Animal skin       |    21 |     1 ||    22
Dodge: Dodged            |    61 |     8 ||    69
